 Dungeon Crawl Stone Soup version 0.23-a0-622-g59b4ea9 (webtiles) character file.

23959 Gildeon the Markscentaur (level 12, -1/106 HPs)
             Began as a Centaur Hunter on Nov 29, 2018.
             Was the Champion of Okawaru.
             Slain by a wolf (7 damage)
             ... on level 6 of the Lair of Beasts on Dec 23, 2018.
             The game lasted 01:48:33 (16077 turns).

Gildeon the Markscentaur (Centaur Hunter)          Turns: 16077, Time: 01:48:34

Health: -1/106     AC: 15    Str: 14    XL:     12   Next: 76%
Magic:  24/24      EV:  9    Int: 17    God:    Okawaru [******]
Gold:   964        SH:  0    Dex: 18    Spells: 11/15 levels left

rFire    . . .     SeeInvis .   e - +6 longbow of Nuckoen {venom, MR- MP+9 Int+7}
rCold    . . .     Gourm    .   (shield currently unavailable)
rNeg     + . .     Faith    .   v - +0 robe of Omirituqi {rN+ Str-4 Dex+4 Stlth+}
rPois    .         Spirit   .   k - +1 helmet
rElec    .         Reflect  .   p - +0 cloak
rCorr    .         Harm     .   l - +0 pair of gloves
MR       .....                  K - +2 centaur barding {Stlth+}
Stlth    ++++......             E - amulet of magic regeneration
HPRegen  0.27/turn              P - +2 ring of dexterity
MPRegen  0.44/turn              c - ring of protection from magic

@: lethally poisoned (-1 -> -1), very quick
A: large, hooves 3, deformed body, speed 2, tough skin 3
a: Heroism, Finesse, Renounce Religion


You were on level 6 of the Lair of Beasts.
You worshipped Okawaru.
Okawaru was exalted by your worship.
You were not hungry.

You visited 3 branches of the dungeon, and saw 16 of its levels.
You also visited: Volcano.

You collected 964 gold pieces.

Inventory:

Hand Weapons
 a - a +5 shortbow of flaming
 b - a +3 spear of draining
 e - the +6 longbow of Nuckoen (weapon) {venom, MR- MP+9 Int+7}
   (Okawaru gifted it to you on level 3 of the Lair of Beasts)

   It poisons the ammo it fires.
   It affects your intelligence (+7).
   It affects your resistance to hostile enchantments.
   It affects your magic capacity (+9).
Missiles
 d - 241 arrows (quivered)
Armour
 j - a +1 ring mail of positive energy
 k - a +1 helmet (worn)
 l - a +0 pair of gloves (worn)
 p - a +0 cloak (worn)
 v - the +0 robe of Omirituqi (worn) {rN+ Str-4 Dex+4 Stlth+}
   (You found it on level 4 of the Dungeon)

   It affects your strength (-4).
   It affects your dexterity (+4).
   It protects you from negative energy.
   It makes you more stealthy.
 K - a +2 centaur barding of stealth (worn)
Jewellery
 c - a ring of protection from magic (right hand)
 x - a +2 ring of strength
 E - an amulet of magic regeneration (around neck)
 F - an uncursed ring of flight
 P - a +2 ring of dexterity (left hand)
Wands
 g - a wand of iceblast (4)
 y - a wand of paralysis (11)
 z - a wand of disintegration (27)
 B - a wand of polymorph (16)
 C - a wand of clouds (2)
 L - a wand of scattershot (6)
Scrolls
 m - 5 scrolls of enchant armour
 s - 4 scrolls of blinking
 u - a scroll of identify
 G - 2 scrolls of amnesia
 H - 5 scrolls of teleportation
 I - 5 scrolls of remove curse
 J - a scroll of fog
 M - a scroll of brand weapon
Potions
 h - 7 potions of curing
 i - 3 potions of might
 n - a potion of berserk rage
 o - 3 potions of flight
 q - 2 potions of mutation
 r - a potion of cancellation {unknown}
 t - 7 potions of brilliance
 w - 6 potions of agility
 A - a potion of haste
 D - a potion of invisibility
Comestibles
 f - 28 rations


   Skills:
 - Level 10.0 Fighting
 - Level 9.5 Polearms
 + Level 15.8 Bows
 - Level 3.0 Armour
 - Level 3.0 Dodging
 - Level 0.4 Stealth
 - Level 2.0 Spellcasting
 - Level 4.0 Conjurations
 - Level 4.0 Translocations
 - Level 5.0 Invocations
 + Level 3.8 Evocations


You had 11 spell levels left.
You knew the following spells:

 Your Spells              Type           Power        Failure   Level  Hunger
a - Apportation           Tloc           ###...       3%          1    #......
b - Magic Dart            Conj           ###.         3%          1    #......
c - Searing Ray           Conj           ###...       5%          2    ###....

Your spell library contained the following spells:

 Spells                   Type           Power        Failure   Level  Hunger
 Animate Skeleton         Necr           N/A          19%         1    #......
 Beastly Appendage        Tmut           #.....       19%         1    #......
 Confusing Touch          Hex            #.....       19%         1    #......
 Summon Small Mammal      Summ           #...         19%         1    #......
 Dazzling Spray           Conj/Hex       #.....       26%         3    ###....
 Sticks to Snakes         Tmut           #.......     28%         2    ###....
 Force Lance              Conj/Tloc      ###.....     36%         4    #####..
 Iskenderun's Mystic Bla  Conj           ###.....     36%         4    #####..
 Spider Form              Tmut/Pois      #.........   50%         3    ###....
 Fulminant Prism          Conj/Hex       #.........   63%         4    #####..
 Airstrike                Air            #.........   88%         4    #####..
 Ice Form                 Ice/Tmut       #.......     88%         4    #####..
 Petrify                  Tmut/Erth      #.......     88%         4    #####..
 Lightning Bolt           Conj/Air       #.........   93%         5    ######.
 Blade Hands              Tmut           #.........   99%         5    ######.


Dungeon Overview and Level Annotations

Branches:
Dungeon (9/15)             Temple (1/1) D:4            Lair (6/6) D:9
  Swamp (0/4) Lair:3        Snake (0/4) Lair:4
  Slime: Lair:5-6       Orc: D:9-12

Altars:
Ashenzari
Cheibriados
Dithmenos
Elyvilon
Fedhas
Gozag
Hepliaklqana
Kikubaaqudgha
Makhleb
Nemelex Xobeh
Okawaru
Qazlal
Ru
Sif Muna
Trog
Uskayaw
Vehumet
Wu Jian
Xom
Yredelemnul
Zin
The Shining One

Annotations:
Lair:6 Sonja


Innate Abilities, Weirdness & Mutations

You have hooves in place of feet.
Armour fits poorly on your strangely shaped body.
You cover ground very quickly.
You have extremely tough skin. (AC +3)


Message History

The wolf is moderately wounded.
Unknown command.
Firing (i - inventory)
d - 244 arrows (quivered)
Press: ? - help, Shift-Dir - straight line, f/p - wolf
Aim: a wolf (heavily wounded, poisoned)
You shoot an arrow. The arrow barely misses the wolf.
The wolf bites you.
* * * LOW HITPOINT WARNING * * *
Firing (i - inventory)
d - 243 arrows (quivered)
Press: ? - help, Shift-Dir - straight line, f/p - wolf
Aim: a wolf (heavily wounded, poisoned)
You shoot an arrow. The arrow hits the wolf.
The wolf looks as sick as possible!
The wolf is heavily wounded.
You feel sick. The wolf bites you.
* * * LOW HITPOINT WARNING * * *
Firing (i - inventory)
d - 242 arrows (quivered)
Press: ? - help, Shift-Dir - straight line, f/p - wolf
Aim: a wolf (severely wounded, poisoned)
You shoot an arrow. The arrow closely misses the wolf.
The wolf bites you!
You die...

##### ####.8(## #.#...(.#
...## # #.8.8.8# K...# #.
#...((# ... ......
#.##..((# .... H..#
#.@#+#.# #.#.###...
.###.h..(###.....#...
...#.?.#....###..#..
#.#..(..#....t..+..
+...8.......8.D....
#.#...#(#.....h...D . .#.#
#.#.....(.##.##...# ##. (..
##......##.....##..
P..##.(###..'###########...


You could see a wolf.

Vanquished Creatures
  Harold (Lair:1)
  5 hydras
  2 catoblepae (Lair:4)
  3 death yaks (D:9)
  A salamander (Volcano)
  2 manticores (Lair:4)
  6 elephants (Lair:3)
  2 black mambas (Lair:2)
  4 spiny frogs
  2 rime drakes
  3 komodo dragons
  2 polar bears
  3 hippogriffs
  2 dream sheep (D:9)
  A blink frog (Lair:4)
  7 yaks
  Sigmund (D:6)
  3 basilisks
  5 nagas (Lair:4)
  Duvessa (D:7)
  6 porcupines
  An orc warrior (D:9)
  11 water moccasins
  3 black bears
  5 ice beasts
  4 wolves
  2 ogres (D:8)
  3 centaurs
  8 crocodiles
  4 big kobolds
  13 bullfrogs
  A wyvern zombie (D:9)
  4 scorpions
  A water moccasin zombie (D:6)
  Dowan (D:7)
  4 wights (D:9)
  An electric eel (Lair:3)
  A crimson imp (D:9)
  A quasit (D:6)
  A bullfrog skeleton (D:6)
  3 hounds
  2 jellies
  6 orc priests
  5 orc wizards
  3 iguanas
  Natasha (D:2)
  9 worker ants
  A hell rat (D:9)
  A worker ant zombie (D:6)
  Robin (D:4)
  10 gnolls
  8 adders
  2 oozes
  An adder zombie (D:8)
  8 worms
  3 dart slugs
  7 leopard geckos
  17 orcs
  6 giant cockroaches
  15 goblins
  12 hobgoblins
  10 jackals
  5 quokkas
  4 ball pythons
  5 bats
  7 frilled lizards
  10 kobolds
  8 rats
  3 plants
304 creatures vanquished.

Vanquished Creatures (others)
  3 fungi (Lair:6)
  A plant (Lair:4)
4 creatures vanquished.

Grand Total: 308 creatures vanquished

Notes
Turn   | Place    | Note
-------+----------+-------------------------------------------
     0 | D:1      | Gildeon the Centaur Hunter began the quest for the Orb.
     0 | D:1      | Reached XP level 1. HP: 17/17 MP: 1/1
    78 | D:1      | Reached XP level 2. HP: 24/24 MP: 2/2
   228 | D:1      | Upgraded the game from 0.23-a0-481-g60b89c1 to
                  | 0.23-a0-484-g29ba69c
   387 | D:1      | Reached skill level 6 in Bows
   672 | D:1      | Reached XP level 3. HP: 30/30 MP: 3/3
  1069 | D:2      | Reached XP level 4. HP: 38/38 MP: 4/4
  1078 | D:2      | Reached skill level 7 in Bows
  1493 | D:2      | Found a shattered altar of Ashenzari.
  1497 | D:2      | Reached XP level 5. HP: 45/45 MP: 5/5
  1744 | D:2      | Noticed Natasha
  1756 | D:2      | Killed Natasha
  1931 | D:2      | Reached skill level 8 in Bows
  2086 | D:3      | Reached XP level 6. HP: 45/52 MP: 6/6
  2226 | D:3      | Reached skill level 1 in Polearms
  3248 | D:4      | Noticed Robin
  3285 | D:4      | Killed Robin
  3580 | D:4      | Found a staircase to the Ecumenical Temple.
  3587 | Temple   | Entered the Ecumenical Temple
  3631 | Temple   | Became a worshipper of Warmaster Okawaru
  3940 | D:4      | Reached skill level 9 in Bows
  4012 | D:4      | Got a dull robe
  4072 | D:4      | Identified the +0 robe of Omirituqi {rN+ Str-4 Dex+4
                  | Stlth+} (You found it on level 4 of the Dungeon)
  4157 | D:5      | Entered Level 5 of the Dungeon
  4159 | D:5      | Noticed an ice beast
  4229 | D:4      | Killed an ice beast
  4229 | D:4      | Reached XP level 7. HP: 33/60 MP: 7/7
  5102 | D:6      | Noticed Sigmund
  5121 | D:6      | Killed Sigmund
  5121 | D:6      | Reached skill level 5 in Fighting
  5121 | D:6      | Reached skill level 10 in Bows
  5348 | D:6      | Reached * piety under Okawaru
  5353 | D:6      | Found a hazy altar of Hepliaklqana.
  5359 | D:6      | Found a radiant altar of Vehumet.
  5371 | D:6      | Found a basalt altar of Yredelemnul.
  5461 | D:6      | Reached XP level 8. HP: 33/68 MP: 8/8
  5737 | D:6      | Reached skill level 11 in Bows
  6163 | D:6      | Reached skill level 1 in Armour
  6274 | D:6      | Reached ** piety under Okawaru
  6828 | D:7      | Noticed Dowan
  6829 | D:7      | Noticed Duvessa
  6843 | D:7      | Killed Dowan
  6862 | D:7      | Killed Duvessa
  6862 | D:7      | Reached skill level 12 in Bows
  6862 | D:7      | Reached skill level 1 in Invocations
  6948 | D:7      | Upgraded the game from 0.23-a0-484-g29ba69c to
                  | 0.23-a0-488-g5fd82c5
  7169 | D:7      | Found a bloodstained altar of Trog.
  7201 | D:7      | Reached skill level 1 in Evocations
  7605 | D:8      | Reached XP level 9. HP: 74/74 MP: 10/10
  8039 | D:8      | Reached *** piety under Okawaru
  8039 | D:8      | Reached skill level 5 in Polearms
  8062 | D:8      | Upgraded the game from 0.23-a0-488-g5fd82c5 to
                  | 0.23-a0-489-g205b0b6
  8272 | D:8      | Reached skill level 13 in Bows
  8764 | D:9      | Identified Ydaisoaq's Almanac of Earthen Feathers
  9113 | D:9      | Noticed a death yak
  9115 | D:9      | Noticed a death yak
  9118 | D:9      | Noticed a death yak
  9259 | D:9      | Killed a death yak
  9259 | D:9      | Reached **** piety under Okawaru
  9259 | D:9      | Received a gift from Okawaru
  9259 | D:9      | Reached skill level 14 in Bows
  9259 | D:9      | Reached skill level 1 in Spellcasting
  9259 | D:9      | Reached XP level 10. HP: 43/81 MP: 12/12
  9296 | D:9      | Killed a death yak
  9453 | D:9      | Found a staircase to the Lair.
  9732 | D:9      | Killed a death yak
  9732 | D:9      | Received a gift from Okawaru
  9732 | D:9      | Reached ***** piety under Okawaru
 10117 | D:9      | Received a gift from Okawaru
 10298 | D:9      | Noticed a two-headed hydra
 10341 | D:9      | Killed a two-headed hydra
 10486 | D:9      | Found a bloodstained altar of Trog.
 10566 | Lair:1   | Entered Level 1 of the Lair of Beasts
 10855 | Lair:1   | Noticed Harold
 10926 | Lair:1   | Killed Harold
 10926 | Lair:1   | Reached XP level 11. HP: 33/94 MP: 14/14
 11539 | Lair:2   | Found a dark tunnel.
 11545 | Volcano  | Entered a volcano
 11708 | Lair:2   | Noticed a seven-headed hydra
 11735 | Lair:2   | Killed a seven-headed hydra
 12229 | Lair:2   | Learned a level 1 spell: Apportation
 12309 | Lair:3   | Received a gift from Okawaru
 12338 | Lair:3   | Learned a level 1 spell: Magic Dart
 12373 | Lair:3   | Found a staircase to the Swamp.
 12566 | Lair:3   | Reached skill level 5 in Invocations
 12567 | Lair:3   | Received a gift from Okawaru
 12954 | Lair:3   | Got an ivory longbow {god gift}
 12955 | Lair:3   | Identified the +6 longbow of Nuckoen {venom, MR- MP+9
                  | Int+7} (Okawaru gifted it to you on level 3 of the Lair of
                  | Beasts)
 12960 | Lair:3   | Upgraded the game from 0.23-a0-489-g205b0b6 to
                  | 0.23-a0-516-g0f8c245
 13534 | Lair:4   | Received a gift from Okawaru
 13710 | Lair:4   | Found a staircase to the Snake Pit.
 13716 | Lair:4   | Received a gift from Okawaru
 13718 | Lair:4   | Reached XP level 12. HP: 68/106 MP: 15/15
 13818 | Lair:4   | Upgraded the game from 0.23-a0-516-g0f8c245 to
                  | 0.23-a0-536-g5e0f5a2
 14071 | Lair:4   | Reached skill level 1 in Conjurations
 14129 | Lair:4   | Noticed a catoblepas
 14130 | Lair:4   | Noticed a catoblepas
 14144 | Lair:4   | Reached skill level 10 in Fighting
 14159 | Lair:4   | Killed a catoblepas
 14159 | Lair:4   | Reached skill level 1 in Translocations
 14176 | Lair:4   | Received a gift from Okawaru
 14184 | Lair:4   | Killed a catoblepas
 14184 | Lair:4   | Received a gift from Okawaru
 14526 | Lair:4   | Noticed a five-headed hydra
 14544 | Lair:4   | Killed a five-headed hydra
 14544 | Lair:4   | Reached ****** piety under Okawaru
 14544 | Lair:4   | Reached skill level 15 in Bows
 14590 | Lair:4   | Upgraded the game from 0.23-a0-536-g5e0f5a2 to
                  | 0.23-a0-550-g7de1f8e
 14593 | Lair:4   | Learned a level 2 spell: Searing Ray
 14813 | Lair:5   | Upgraded the game from 0.23-a0-550-g7de1f8e to
                  | 0.23-a0-558-g30802b1
 14885 | Lair:5   | Noticed a seven-headed hydra
 14905 | Lair:5   | Killed a seven-headed hydra
 14905 | Lair:5   | Received a gift from Okawaru
 15006 | Lair:5   | Received a gift from Okawaru
 15323 | Lair:5   | Upgraded the game from 0.23-a0-558-g30802b1 to
                  | 0.23-a0-577-g2b1de94
 15532 | Lair:5   | Found a gate leading to a gauntlet.
 15689 | Lair:5   | Noticed a four-headed hydra
 15709 | Lair:5   | Killed a four-headed hydra
 15709 | Lair:5   | Received a gift from Okawaru
 15960 | Lair:5   | Upgraded the game from 0.23-a0-577-g2b1de94 to
                  | 0.23-a0-622-g59b4ea9
 15987 | Lair:6   | Entered Level 6 of the Lair of Beasts
 16020 | Lair:6   | Noticed a seven-headed hydra
 16043 | Lair:6   | Noticed a six-headed hydra
 16046 | Lair:6   | Noticed Sonja
 16077 | Lair:6   | Slain by a wolf

Vault maps used:
D:1:      mrwooster_arrival_statue
D:2:      minmay_angry_zag, evilmike_ruin_ashenzari, first_ration, uniq_natasha
D:4:      minmay_temple_entry_drinking_statues, uniq_robin
D:5:      serial_bayou_pond_e
D:6:      minmay_overflow_temple_star_quad, uniq_sigmund
D:7:      basic_altar, uniq_duvessa
D:9:      dpeg_lair_monsters, hangedman_ranch, trog_butcher_becter
Temple:   eino_narrow_crystal_temple
Lair:1:   uniq_harold
Lair:2:   enter_volcano_2
Lair:3:   swamp_mist_pool, grunt_megastairs_3, infiniplex_staircase_pool
Lair:4:   nzn_motion_control, minmay_snake_entry_guardpost_medium,
          serial_bayou_lagoon_a
Lair:5:   gauntlet_entry_generic, serial_bayou_shore_b
Lair:6:   evil_forest, slime_altar_1, grunt_megastairs_1, uniq_sonja, uniq_urug,
          uniq_rupert
Volcano:  volcano_caves

Skill      XL: |  1  2  3  4  5  6  7  8  9 10 11 12 |
---------------+-------------------------------------+-----
Bows           | 6 7 8 9 10 12 14 15 | 15.8
Fighting       | 3 4 5 7 9 10 | 10.0
Polearms       | 1 3 4 6 8 9 |  9.5
Armour         | 1 2 3 |  3.0
Invocations    | 1 3 4 5 |  5.0
Evocations     | 1 2 3 |  3.8
Spellcasting   | 1 2 |  2.0
Dodging        | 2 3 |  3.0
Conjurations   | 4 |  4.0
Translocations | 4 |  4.0
Stealth        | |  0.4

Action                   |  1- 3 |  4- 6 |  7- 9 | 10-12 || total
-------------------------+-------+-------+-------+-------++-------
Melee: Spear             |       |       |       |    63 ||    63
       Kick              |       |       |       |    40 ||    40
 Fire: Shortbow          |    78 |   257 |   521 |   374 ||  1230
       Longbow           |       |       |       |   217 ||   217
  Use: Scroll            |     3 |     7 |    14 |    11 ||    35
  Eat: Chunk             |       |     7 |     7 |     9 ||    23
       Ration            |       |       |     1 |     2 ||     3
Armor: Ring mail         |    14 |    21 |       |       ||    35
       Leather armour    |     1 |       |       |       ||     1
       Robe              |       |    13 |    76 |    77 ||   166
       Skin              |       |       |     8 |       ||     8
Dodge: Dodged            |    11 |    36 |    85 |    46 ||   178

Table legend:
 A = Non-vault XP
 B = Vault XP
 C = Vault XP percentage of total XP
 D = Non-vault monster count
 E = Vault monster count
 F = Vault count percentage of total count
                 A         B        C        D         E       F
            +---------+---------+-------+---------+---------+-------
      Total |   21564 |   12664 |  37.0 |     243 |      58 |  19.3
            +---------+---------+-------+---------+---------+-------
        D:1 |      48 |       0 |   0.0 |      26 |       0 |   0.0
        D:2 |     187 |      56 |  23.0 |      23 |       5 |  17.9
        D:3 |     211 |       0 |   0.0 |      25 |       0 |   0.0
        D:4 |     234 |      37 |  13.7 |      15 |      13 |  46.4
        D:5 |     217 |       0 |   0.0 |       9 |       0 |   0.0
        D:6 |    1025 |     197 |  16.1 |      32 |       1 |   3.0
        D:7 |     320 |     218 |  40.5 |       8 |       2 |  20.0
        D:8 |    1054 |       0 |   0.0 |      22 |       0 |   0.0
        D:9 |    1178 |    5229 |  81.6 |      18 |      18 |  50.0
     Lair:1 |     743 |     997 |  57.3 |       7 |       1 |  12.5
     Lair:2 |    2679 |       0 |   0.0 |       8 |       0 |   0.0
     Lair:3 |    4468 |     689 |  13.4 |      16 |       3 |  15.8
     Lair:4 |    2808 |    3668 |  56.6 |      10 |       9 |  47.4
     Lair:5 |    6128 |       0 |   0.0 |      22 |       0 |   0.0
     Lair:6 |     264 |    1025 |  79.5 |       2 |       5 |  71.4
    Volcano |       0 |     548 | 100.0 |       0 |       1 | 100.0
            +---------+---------+-------+---------+---------+-------
